 Dungeon Crawl Stone Soup version 0.18.1-48-g4cf74bf (webtiles) character file.

51 Galewin the Bolt Thrower (level 3, -8/30 HPs)
             Began as a Centaur Hunter on July 7, 2016.
             Mangled by Terence
             ... wielding a +4 short sword
              (9 damage)
             ... on level 2 of the Dungeon.
             The game lasted 00:02:32 (1190 turns).

Galewin the Bolt Thrower (Centaur Hunter)           Turns: 1190, Time: 00:02:32

Health: -8/30      AC:  4    Str: 14    XL:     3   Next: 58%
Magic:  3/3        EV:  9    Int: 10    God:
Gold:   94         SH:  0    Dex: 10    Spells: 0 memorised, 2 levels left

rFire  . . .     SeeInvis .     b - +0 short sword
rCold  . . .     Gourm    .     c - +0 leather armour
rNeg   . . .     Faith    .     (no shield)
rPois  .         Spirit   .     (no helmet)
rElec  .         Dismiss  .     (no cloak)
rCorr  .         Reflect  .     (no gloves)
SustAt .         Harm     .     (no barding)
MR     .....                    (no amulet)
Stlth  +.........               (no ring)
                                (no ring)

@: very quick, not resistant to hostile enchantments, very unstealthy
A: hooves 3, deformed body, speed 2, tough skin 3
a: no special abilities


You were on level 2 of the Dungeon.
You were not hungry.

You visited 1 branch of the dungeon, and saw 2 of its levels.

You collected 94 gold pieces.

Inventory:

Hand Weapons
 a - a +1 hand crossbow
 b - a +0 short sword (weapon)
Armour
 c - a +0 leather armour (worn)
Scrolls
 e - a scroll of recharging {unknown}
 h - 2 scrolls of amnesia {unknown}
 i - 3 scrolls of identify {unknown}
 k - a scroll of fear {unknown}
Potions
 j - a potion of flight {unknown}
 l - 2 potions of lignification {unknown}
 m - a potion of curing
Comestibles
 f - 2 bread rations
 g - a meat ration
 n - a slice of pizza


   Skills:
 + Level 2.4 Fighting
 * Level 1.4 Short Blades
 * Level 4.7 Crossbows
 + Level 1.8 Dodging
 + Level 0.9 Stealth


You had 2 spell levels left.
You didn't know any spells.

Dungeon Overview and Level Annotations

Branches:
Dungeon (2/15)

Altars:
Vehumet

Annotations:
D:2 Terence


Innate Abilities, Weirdness & Mutations

You have hooves in place of feet.
Armour fits poorly on your strangely shaped body.
You cover ground very quickly.
You have extremely tough skin (AC +3).


Message History

You shoot a bolt. The bolt completely misses Terence.
Terence hits you with an enchanted short sword.
* * * LOW HITPOINT WARNING * * *
Firing (i - inventory):
d - a bolt (quivered)
Press: ? - help, Shift-Dir - straight line, f/p - Terence
Aim: Terence, wielding an enchanted short sword and wearing a chain mail (severely wounded)
You shoot a bolt. The bolt hits Terence.
Terence is almost dead.
Terence hits you with an enchanted short sword.
* * * LOW HITPOINT WARNING * * *
Read which item? (? for menu, Esc to quit)
Okay, then.
Firing (i - inventory): No suitable missiles.
Press: ? - help, Shift-Dir - straight line, f/p - Terence
Aim: Terence, wielding an enchanted short sword and wearing a chain mail (almost dead)
Okay, then.
Wield which item (- for none, * to show all)? (? for menu, Esc to quit)
b - a +0 short sword (weapon)
Terence hits you with an enchanted short sword!
You die...

...##.............. ..
......#.......#.##....
................##.... #
...........####........#
.###.........#...#......
. #..##........### ....
.......###....## ..!..
?..#### ##....##.....# #
#.....@@# ....#####....#
#### .#..... .# .... ..
... ## .. #


You could see Terence.

Vanquished Creatures
  An adder (D:2)
  A worm (D:2)
  A dart slug (D:2)
  A giant gecko (D:1)
  A ball python (D:2)
  7 giant cockroaches
  7 goblins
  2 hobgoblins (D:1)
  A quokka (D:2)
  3 bats
  2 giant newts (D:2)
  2 kobolds
  5 rats
34 creatures vanquished.

Vanquished Creatures (others)
  A hobgoblin (D:2)
1 creature vanquished.

Grand Total: 35 creatures vanquished

Notes
Turn   | Place    | Note
--------------------------------------------------------------
     0 | D:1      | Galewin the Centaur Hunter began the quest for the Orb.
     0 | D:1      | Reached XP level 1. HP: 17/17 MP: 1/1
   258 | D:1      | Reached XP level 2. HP: 24/24 MP: 2/2
   445 | D:1      | Reached skill level 1 in Short Blades
   710 | D:2      | Found a radiant altar of Vehumet.
   757 | D:2      | Reached XP level 3. HP: 30/30 MP: 3/3
  1177 | D:2      | Noticed Terence
  1189 | D:2      | HP: 1/30 [Terence/enchanted short sword (2)]
  1190 | D:2      | Mangled by Terence

Skill      XL: |  1  2 |
---------------+-------+-----
Short Blades   | 1 |  1.4
Fighting       | |  2.4
Crossbows      | |  4.7
Dodging        | |  1.8
Stealth        | |  0.9

Action                   || total
-------------------------++-------
Melee: Short sword       ||     9
       Kick              ||     2
 Fire: Hand crossbow     ||    85
Armor: Leather armour    ||     8
Dodge: Dodged            ||     8
